 Dungeon Crawl Stone Soup version 0.17.1-3-g152610e (webtiles) character file.

3769 Alarkh the Cleaver (level 9, -2/64 HPs)
             Began as a Mummy Skald on Apr 19, 2016.
             Was an Initiate of Gozag.
             Slain by a spriggan baker
             ... wielding a +0 dagger
              (15 damage)
             ... on level 7 of the Dungeon.
             The game lasted 00:20:37 (9112 turns).

Alarkh the Cleaver (Mummy Skald)                    Turns: 9112, Time: 00:20:38

Health: -2/64      AC:  4    Str: 15    XL:     9   Next: 94%
Magic:  2/12       EV: 12    Int: 20    God:    Gozag
Gold:   1254       SH:  0    Dex: 11    Spells: 4 memorised, 4 levels left

rFire  . . .     SeeInvis .     a - +3 battleaxe
rCold  + . .     Clarity  .     t - +0 robe {MR+}
rNeg   + + +     SustAt   .     (shield currently unavailable)
rPois  ∞         Gourm    .     (no helmet)
rElec  .         Spirit   .     (no cloak)
rCorr  .         Warding  .     (no gloves)
rMut   +         Stasis   .     i - +1 pair of boots
MR     ++...                    o - amulet of resist mutation
Stlth  +.........               n - +5 ring of intelligence
                                h - ring of protection from fire

@: very resistant to hostile enchantments, very unstealthy
A: no food or potions, fire vulnerability, cold resistance 1, negative energy
resistance 3, torment resistance, unbreathing
a: Potion Petition, Call Merchant, Bribe Branch, Renounce Religion


You were on level 7 of the Dungeon.
You worshipped Gozag.
Gozag was noncommittal.
You were not hungry.

You visited 2 branches of the dungeon, and saw 8 of its levels.

You collected 1284 gold pieces.
You paid 30 gold pieces to Gozag.

Inventory:

Hand Weapons
 a - a +3 battleaxe (weapon)
 s - a +1 hand axe
Missiles
 r - a throwing net (quivered)
Armour
 b - a +1 leather armour
 i - a +1 pair of boots (worn)
 l - a +2 leather armour of poison resistance
 t - a +0 robe of magic resistance (worn)
Magical Staves
 x - an uncursed staff of wizardry
Jewellery
 h - a ring of protection from fire (left hand)
 j - an uncursed ring of fire
 n - a +5 ring of intelligence (right hand)
 o - an amulet of resist mutation (around neck)
Wands
 y - a wand of digging (9)
Scrolls
 d - a scroll of silence
 e - 2 scrolls of enchant armour
 f - a scroll of recharging
 g - 2 scrolls of teleportation
 k - 6 scrolls of identify
 m - a scroll of amnesia
 p - a scroll of magic mapping
 q - 2 scrolls of remove curse
 u - a scroll of fog
 v - a scroll of enchant weapon
 w - a scroll of fear {unknown}
Books
 c - a book of Battle

   Spells                             Type                      Level
   a - Infusion                       Charms                       1
   b - Shroud of Golubria             Charms/Translocation         2
   c - Song of Slaying                Charms                       2
   d - Spectral Weapon                Hexes/Charms                 3
   e - Regeneration                   Charms/Necromancy            3


   Skills:
 + Level 3.2 Fighting
 * Level 11.3 Axes
 + Level 1.7 Armour
 + Level 2.1 Dodging
 - Level 2.0 Spellcasting
 - Level 2.7 Charms


You had 4 spell levels left.
You knew the following spells:

 Your Spells              Type           Power        Failure   Level  Hunger
a - Shroud of Golubria    Chrm/Tloc      #.........   17%         2    N/A
b - Song of Slaying       Chrm           ##......     10%         2    N/A
c - Spectral Weapon       Hex/Chrm       #.......     30%         3    N/A
e - Infusion              Chrm           ##....       6%          1    N/A

Dungeon Overview and Level Annotations

Branches:
Dungeon (7/15)             Temple (1/1) D:4

Altars:
Cheibriados
Dithmenos
Elyvilon
Fedhas
Gozag
Kikubaaqudgha
Nemelex Xobeh
Okawaru
Qazlal
Ru
Sif Muna
Vehumet
Xom
Yredelemnul
Zin
The Shining One

Shops:
D:4 (

Annotations:
D:4 exclusion: door


Innate Abilities, Weirdness & Mutations

You do not eat or drink.
Your flesh is vulnerable to fire.
You are immune to poison.
Your flesh is cold resistant.
You are immune to negative energy.
You are immune to unholy pain and torment.
You can survive without breathing.


Message History

Your shroud bends the spriggan baker's attack away.
You hit the spriggan baker.
The spriggan baker is lightly wounded.
Your spectral weapon hits the spriggan baker!
The spriggan baker hits you with a dagger!
Your shroud falls apart!
You are too injured to fight recklessly!
You are too injured to fight recklessly!
You hit the spriggan baker but do no damage.
The spriggan baker is heavily wounded.
Your spectral weapon hits the spriggan baker!
The spriggan baker hits you with a dagger!
You miss the spriggan baker.
The spriggan baker is almost dead.
Your spectral weapon completely misses the spriggan baker.
The spriggan baker hits you with a dagger!
* * * LOW HITPOINT WARNING * * *
The spriggan baker hits you with a dagger!
You die...
Your body crumbles into a pile of gold.

#.#.########...#####.#.##
# ###.#.# ##............#
...[#.# .....#####.#..#
.####.# ###..## ##.#..#
.# #.# ##.#####.....# ##
#.# #...........# #.#
#..####.....#. ###
#.............# ..#
#.@(........### #.#
###i######.## #.# .#
#%..'.# .# #.# #.#
#%#.### .# #.# #.. ## #.#
#.# #.# #.# ###########
#.# #.#####..<...!...
#.###........(...####


You could see a spriggan baker.

Vanquished Creatures
  Grinder (D:3)
  Prince Ribbit (D:5)
  The ghost of Tobisume the Twirler, an amateur DsGl (D:3)
  A two-headed ogre (D:7)
  A hippogriff (D:7)
  2 phantoms
  A sky beast (D:5)
  2 orc warriors
  2 centaurs
  A big kobold (D:7)
  An ogre (D:7)
  6 giant frogs
  A scorpion (D:4)
  A crimson imp (D:6)
  7 wights
  2 giant frog zombies (D:7)
  A centaur zombie (D:6)
  4 orc priests
  9 hounds
  7 worker ants
  A giant frog skeleton (D:4)
  9 orc wizards
  Jessica (D:3)
  A gnoll shaman (D:4)
  3 iguanas
  A hound zombie (D:5)
  A hound skeleton (D:5)
  A worker ant zombie (D:5)
  6 gnolls
  9 adders
  2 shadow imps
  2 oozes
  An adder skeleton (D:7)
  A worm (D:3)
  4 giant geckos
  24 orcs
  A ball python (D:6)
  8 bats
  3 giant cockroaches
  9 hobgoblins
  8 jackals
  12 kobolds
  4 quokkas
  3 giant newts
  7 goblins
  A quokka zombie (D:5)
  6 rats
181 creatures vanquished.

Vanquished Creatures (others)
  5 spectral weapons
5 creatures vanquished.

Grand Total: 186 creatures vanquished

Notes
Turn   | Place    | Note
--------------------------------------------------------------
     0 | D:1      | Alarkh the Mummy Skald began the quest for the Orb.
     0 | D:1      | Reached XP level 1. HP: 16/16 MP: 3/3
    65 | D:1      | Reached XP level 2. HP: 22/22 MP: 0/5
   502 | D:1      | Reached XP level 3. HP: 17/27 MP: 0/6
   573 | D:1      | Learned a level 2 spell: Song of Slaying
   695 | D:1      | Learned a level 2 spell: Shroud of Golubria
   779 | D:2      | Found an opulent altar of Gozag.
   790 | D:2      | Became a worshipper of Gozag Ym Sagoz the Greedy
  1338 | D:3      | Noticed Jessica
  1352 | D:3      | Killed Jessica
  1352 | D:3      | Reached skill level 3 in Axes
  1352 | D:3      | Reached XP level 4. HP: 33/33 MP: 3/7
  1749 | D:3      | Reached skill level 4 in Axes
  1887 | D:3      | Reached XP level 5. HP: 38/38 MP: 4/8
  1908 | D:3      | Noticed Grinder
  1909 | D:3      | Noticed Tobisume's ghost (amateur DsGl)
  2011 | D:3      | Found a basalt altar of Yredelemnul.
  2222 | D:4      | Found a staircase to the Ecumenical Temple.
  2516 | D:4      | Found a stormy altar of Qazlal.
  2561 | D:4      | Found Nosaxyw's Weapon Emporium.
  2607 | D:4      | Reached skill level 5 in Axes
  2607 | D:4      | Reached XP level 6. HP: 12/44 MP: 0/9
  2983 | D:4      | Found a deep blue altar of Sif Muna.
  3127 | D:4      | Learned a level 3 spell: Spectral Weapon
  3204 | D:4      | Reached skill level 6 in Axes
  3211 | D:4      | Reached XP level 7. HP: 28/50 MP: 0/10
  3504 | D:4      | Found a glowing silver altar of Zin.
  3673 | D:3      | Killed Grinder
  3673 | D:3      | Reached skill level 7 in Axes
  3910 | D:3      | Found a basalt altar of Yredelemnul.
  5191 | D:5      | Entered Level 5 of the Dungeon
  5228 | Temple   | Entered the Ecumenical Temple
  5376 | D:5      | Noticed Prince Ribbit
  5564 | D:5      | Killed Prince Ribbit
  5564 | D:5      | Reached skill level 8 in Axes
  5564 | D:5      | Reached XP level 8. HP: 35/56 MP: 5/11
  5959 | D:5      | Found a snail-covered altar of Cheibriados.
  6403 | D:5      | Reached skill level 9 in Axes
  7121 | D:3      | Found a basalt altar of Yredelemnul.
  7428 | D:3      | Killed Tobisume's ghost
  7428 | D:3      | Reached skill level 10 in Axes
  7428 | D:3      | Reached XP level 9. HP: 31/61 MP: 4/12
  8171 | D:7      | Reached skill level 11 in Axes
  8454 | D:7      | Reached skill level 1 in Dodging
  8468 | D:7      | Found a shimmering altar of Xom.
  8506 | D:7      | Reached skill level 1 in Armour
  8934 | D:7      | Found a shadowy altar of Dithmenos.
  9112 | D:7      | Slain by a spriggan baker

Action                   |  1- 3 |  4- 6 |  7- 9 || total
-------------------------+-------+-------+-------++-------
Melee: Hand axe          |    99 |   168 |   189 ||   456
       Battleaxe         |       |       |   144 ||   144
 Cast: Infusion          |    20 |    23 |     5 ||    48
       Song of Slaying   |       |     2 |       ||     2
       Shroud of Golubri |       |     3 |    21 ||    24
       Spectral Weapon   |       |     2 |    57 ||    59
 Abil: Stop Singing      |       |     1 |       ||     1
  Use: Scroll            |     5 |     7 |     8 ||    20
 Stab: Distracted        |       |       |     3 ||     3
       Sleeping          |       |       |     1 ||     1
